% Time on Ice - ANCHORAGE ACES
Lines # - Real PCT - Wanted PCT - Time Play
Normal Forward
1 - 32% - 35% - 13:05
2 - 36% - 35% - 14:49
3 - 22% - 20% - 8:59
4 - 10% - 10% - 4:03
Normal Defense
1 - 32% - 33% - 12:58
2 - 34% - 33% - 13:56
3 - 34% - 33% - 14:02
4 - 0% - 1% - 0:00
PP Forward
1 - 55% - 55% - 1:58
2 - 45% - 45% - 1:37
PP Defense
1 - 66% - 55% - 2:21
2 - 34% - 45% - 1:14
PK Forward
1 - 60% - 55% - 7:55
2 - 40% - 45% - 5:12
PK Defense
1 - 54% - 55% - 7:06
2 - 46% - 45% - 6:01
PK3 Forward
1 - 0% - 55%
2 - 0% - 45%
PK3 Defense
1 - 0% - 55%
2 - 0% - 45%
44 Forward
1 - 54% - 55% - 1:16
2 - 46% - 45% - 1:06
44 Defense
1 - 54% - 55% - 1:16
2 - 46% - 45% - 1:06
Last Minute Offensive  - 0:00
Last Minute Defensive  - 0:00
Total
Forward - 60:00
Defense - 60:00
% Time on Ice - SACRAMENTO BANDITS
Lines # - Real PCT - Wanted PCT - Time Play
Normal Forward
1 - 38% - 34% - 15:36
2 - 34% - 34% - 14:03
3 - 15% - 22% - 6:20
4 - 12% - 10% - 4:57
Normal Defense
1 - 43% - 43% - 17:43
2 - 39% - 37% - 16:10
3 - 17% - 20% - 7:03
4 - 0% - 0% - 0:00
PP Forward
1 - 53% - 55% - 6:54
2 - 47% - 45% - 6:13
PP Defense
1 - 49% - 57% - 6:28
2 - 51% - 43% - 6:39
PK Forward
1 - 55% - 55% - 1:59
2 - 45% - 45% - 1:36
PK Defense
1 - 59% - 55% - 2:07
2 - 41% - 45% - 1:28
PK3 Forward
1 - 0% - 55%
2 - 0% - 45%
PK3 Defense
1 - 0% - 55%
2 - 0% - 45%
44 Forward
1 - 68% - 55% - 1:36
2 - 32% - 45% - 0:46
44 Defense
1 - 51% - 55% - 1:13
2 - 49% - 45% - 1:09
Last Minute Offensive  - 0:00
Last Minute Defensive  - 0:00
Total
Forward - 60:00
Defense - 60:00
Play-by-Play 1st period 0:01 of 1st period - Claude Giroux wins face-off versus Nathan MacKinnon in neutral zone. 0:04 of 1st period - Shot by Jonathan Huberdeau. 0:04 of 1st period - Shot Blocked by Darnell Nurse. 0:10 of 1st period - Shot by Jonathan Huberdeau. 0:10 of 1st period - Stopped by Martin Jones without a rebound. 0:11 of 1st period - Aleksander Barkov wins face-off versus Leon Draisaitl in ANCHORAGE ACES zone. 0:24 of 1st period - Shot by Jamie Benn. 0:24 of 1st period - Stopped by Martin Jones without a rebound. 0:25 of 1st period - Jordan Martinook wins face-off versus Tyler Bozak in ANCHORAGE ACES zone. 0:25 of 1st period - Jordan Martinook is hit by Ben Chiarot. 0:26 of 1st period - Minor Penalty to Ben Chiarot for Cross-checking. 0:27 of 1st period - Jamie Benn wins face-off versus Tyler Bozak in ANCHORAGE ACES zone. 0:40 of 1st period - Jacob Trouba is hit by Jamie Benn and loses puck. 0:45 of 1st period - Shot by Jamie Benn. 0:45 of 1st period - Deflect By Aleksander Barkov. 0:45 of 1st period - Shot Misses the Net. 0:49 of 1st period - Shot by Jamie Benn. 0:49 of 1st period - Shot Blocked by Darnell Nurse. 0:51 of 1st period - Shot by Aleksander Barkov. 0:51 of 1st period - Shot Misses the Net. 0:53 of 1st period - Shot by Mattias Ekholm. 0:53 of 1st period - Shot Misses the Net. 1:33 of 1st period - Shot by Claude Giroux. 1:33 of 1st period - Stopped by Martin Jones without a rebound. 1:34 of 1st period - Nate Thompson wins face-off versus Claude Giroux in ANCHORAGE ACES zone. 1:53 of 1st period - Shot by Claude Giroux. 1:53 of 1st period - Shot Blocked by Jacob Trouba. 1:55 of 1st period - Shot by Aaron Ekblad. 1:55 of 1st period - Shot Blocked by Darnell Nurse. 1:57 of 1st period - Shot by Vince Dunn. 1:57 of 1st period - Stopped by Martin Jones with a rebound. 1:59 of 1st period - Shot by Aaron Ekblad. 1:59 of 1st period - Shot Misses the Net. 2:02 of 1st period - Minor Penalty to Jonathan Huberdeau for Slashing. 2:03 of 1st period - Nathan MacKinnon wins face-off versus Jordan Martinook in SACRAMENTO BANDITS zone. 2:45 of 1st period - Shot by Connor McDavid. 2:45 of 1st period - Shot Misses the Net. 2:47 of 1st period - Shot by Ryan Suter. 2:47 of 1st period - Stopped by Andrei Vasilevskiy without a rebound. 2:48 of 1st period - Nathan MacKinnon wins face-off versus Scott Laughton in SACRAMENTO BANDITS zone. 3:06 of 1st period - Off-side. 3:07 of 1st period - Connor McDavid wins face-off versus Jamie Benn in neutral zone. 4:18 of 1st period - Icing by Ivan Provorov. 4:19 of 1st period - Tyler Bozak wins face-off versus Claude Giroux in SACRAMENTO BANDITS zone. 4:35 of 1st period - Shot by Darnell Nurse. 4:35 of 1st period - Deflect By Cal Clutterbuck. 4:35 of 1st period - Shot Misses the Net. 4:37 of 1st period - Shot by Andrew Cogliano. 4:37 of 1st period - Shot Blocked by Ivan Provorov. 5:02 of 1st period - Jonathan Huberdeau is hit by Darnell Nurse and loses puck. 5:28 of 1st period - Minor Penalty to Frank Vatrano for Tripping. 5:29 of 1st period - Nate Thompson wins face-off versus Aleksander Barkov in ANCHORAGE ACES zone. 5:35 of 1st period - Icing by Nikolaj Ehlers. 5:36 of 1st period - Tyler Bozak wins face-off versus Aleksander Barkov in SACRAMENTO BANDITS zone. 6:40 of 1st period - Shot by Cal Clutterbuck. 6:40 of 1st period - Stopped by Andrei Vasilevskiy without a rebound. 6:41 of 1st period - Claude Giroux wins face-off versus Tyler Bozak in SACRAMENTO BANDITS zone. 6:43 of 1st period - Icing by Jonathan Huberdeau. 6:44 of 1st period - Tyler Bozak wins face-off versus Claude Giroux in SACRAMENTO BANDITS zone. 6:44 of 1st period - Tyler Bozak is hit by Vince Dunn. 7:05 of 1st period - Icing by Aaron Ekblad. 7:06 of 1st period - Claude Giroux wins face-off versus Nate Thompson in SACRAMENTO BANDITS zone. 7:11 of 1st period - Off-side. 7:12 of 1st period - Aleksander Barkov wins face-off versus Nate Thompson in neutral zone. 7:39 of 1st period - Frank Vatrano is hit by Jujhar Khaira and loses puck. 7:43 of 1st period - Niklas Hjalmarsson is hit by Ivan Provorov and loses puck. 7:54 of 1st period - Shot by Jordan Martinook. 7:54 of 1st period - Stopped by Martin Jones without a rebound. 7:55 of 1st period - Jamie Benn wins face-off versus Nathan MacKinnon in ANCHORAGE ACES zone. 8:10 of 1st period - Shot by Nikolaj Ehlers. 8:10 of 1st period - Shot Misses the Net. 8:16 of 1st period - Shot by Nikolaj Ehlers. 8:16 of 1st period - Stopped by Martin Jones without a rebound. 8:17 of 1st period - Leon Draisaitl wins face-off versus Claude Giroux in ANCHORAGE ACES zone. 9:13 of 1st period - Icing by Niklas Hjalmarsson. 9:14 of 1st period - Aleksander Barkov wins face-off versus Leon Draisaitl in ANCHORAGE ACES zone. 9:23 of 1st period - Icing by Frank Vatrano. 9:24 of 1st period - Aleksander Barkov wins face-off versus Leon Draisaitl in ANCHORAGE ACES zone. 9:56 of 1st period - Shot by Aleksander Barkov. 9:56 of 1st period - Shot Misses the Net. 11:05 of 1st period - Shot by Tyler Bozak. 11:05 of 1st period - Shot Blocked by Carl Gunnarsson. 11:07 of 1st period - Shot by Andrew Cogliano. 11:07 of 1st period - Shot Misses the Net. 11:13 of 1st period - Shot by Cal Clutterbuck. 11:13 of 1st period - Stopped by Andrei Vasilevskiy without a rebound. 11:14 of 1st period - Nate Thompson wins face-off versus Claude Giroux in SACRAMENTO BANDITS zone. 11:18 of 1st period - Icing by Claude Giroux. 11:19 of 1st period - Claude Giroux wins face-off versus Nate Thompson in SACRAMENTO BANDITS zone. 11:19 of 1st period - Claude Giroux is hit by Christian Folin. 11:56 of 1st period - Minor Penalty to Jonathan Huberdeau for Slashing. 11:56 of 1st period - Minor Penalty to Deryk Engelland for Tripping. 11:57 of 1st period - Nathan MacKinnon wins face-off versus Jordan Martinook in ANCHORAGE ACES zone. 12:11 of 1st period - Shot by Jordan Martinook. 12:11 of 1st period - Shot Blocked by Ryan Suter. 12:59 of 1st period - Shot by Leon Draisaitl. 12:59 of 1st period - Shot Misses the Net. 14:04 of 1st period - Icing by Jacob Trouba. 14:05 of 1st period - Tyler Bozak wins face-off versus Aleksander Barkov in ANCHORAGE ACES zone. 14:25 of 1st period - Icing by Aleksander Barkov. 14:26 of 1st period - Nathan MacKinnon wins face-off versus Aleksander Barkov in SACRAMENTO BANDITS zone. 14:50 of 1st period - Icing by Ivan Provorov. 14:51 of 1st period - Aleksander Barkov wins face-off versus Tyler Bozak in SACRAMENTO BANDITS zone. 14:51 of 1st period - Aleksander Barkov is hit by Cal Clutterbuck. 15:01 of 1st period - Shot by Aleksander Barkov. 15:01 of 1st period - Stopped by Martin Jones with a rebound. 15:03 of 1st period - Shot by Ivan Provorov. 15:03 of 1st period - Shot Blocked by Darnell Nurse. 15:05 of 1st period - Shot by Aaron Ekblad. 15:05 of 1st period - Shot Misses the Net. 15:07 of 1st period - Shot by Aleksander Barkov. 15:07 of 1st period - Stopped by Martin Jones with a rebound. 15:09 of 1st period - Shot by Aleksander Barkov. 15:09 of 1st period - Stopped by Martin Jones without a rebound. 15:10 of 1st period - Claude Giroux wins face-off versus Leon Draisaitl in ANCHORAGE ACES zone. 15:13 of 1st period - Shot by Jonathan Huberdeau. 15:13 of 1st period - Stopped by Martin Jones without a rebound. 15:14 of 1st period - Claude Giroux wins face-off versus Nathan MacKinnon in ANCHORAGE ACES zone. 15:24 of 1st period - Icing by Connor McDavid. 15:25 of 1st period - Jordan Martinook wins face-off versus Nathan MacKinnon in ANCHORAGE ACES zone. 16:10 of 1st period - Icing by Kevin Connauton. 16:11 of 1st period - Leon Draisaitl wins face-off versus Jordan Martinook in SACRAMENTO BANDITS zone. 16:41 of 1st period - Shot by Jakob Silfverberg. 16:41 of 1st period - Shot Misses the Net. 16:43 of 1st period - Shot by Leon Draisaitl. 16:43 of 1st period - Stopped by Andrei Vasilevskiy without a rebound. 16:44 of 1st period - Tyler Bozak wins face-off versus Aleksander Barkov in SACRAMENTO BANDITS zone. 16:57 of 1st period - Shot by Cal Clutterbuck. 16:57 of 1st period - Shot Blocked by Aaron Ekblad. 17:06 of 1st period - Jamie Benn is hit by Cal Clutterbuck and loses puck. 17:10 of 1st period - Minor Penalty to Deryk Engelland for Hooking. 17:11 of 1st period - Claude Giroux wins face-off versus Tyler Bozak in ANCHORAGE ACES zone. 17:38 of 1st period - Shot by Jonathan Huberdeau. 17:38 of 1st period - Shot Misses the Net. 17:40 of 1st period - Shot by Aaron Ekblad. 17:40 of 1st period - Stopped by Martin Jones without a rebound. 17:41 of 1st period - Tyler Bozak wins face-off versus Aleksander Barkov in ANCHORAGE ACES zone. 18:02 of 1st period - Shot by Nikolaj Ehlers. 18:02 of 1st period - Stopped by Martin Jones without a rebound. 18:03 of 1st period - Frank Vatrano wins face-off versus Claude Giroux in ANCHORAGE ACES zone. 19:40 of 1st period - Shot by Nathan MacKinnon. 19:40 of 1st period - Stopped by Andrei Vasilevskiy without a rebound. 19:41 of 1st period - Aleksander Barkov wins face-off versus Nate Thompson in SACRAMENTO BANDITS zone. 19:41 of 1st period - Aleksander Barkov is hit by Christian Folin. 19:59 of 1st period - Shot by Jamie Benn. 19:59 of 1st period - Stopped by Martin Jones with a rebound. Goals for this period are 0 for ANCHORAGE ACES vs 0 for SACRAMENTO BANDITS. Shots for this period are 5 for ANCHORAGE ACES vs 13 for SACRAMENTO BANDITS. 2nd period 0:01 of 2nd period - Leon Draisaitl wins face-off versus Claude Giroux in neutral zone. 0:23 of 2nd period - Minor Penalty to Frank Vatrano for Holding. 0:24 of 2nd period - Tyler Bozak wins face-off versus Aleksander Barkov in ANCHORAGE ACES zone. 0:43 of 2nd period - Shot by Aleksander Barkov. 0:43 of 2nd period - Shot Blocked by Jacob Trouba. 0:45 of 2nd period - Shot by Jamie Benn. 0:45 of 2nd period - Shot Misses the Net. 0:47 of 2nd period - Shot by Aleksander Barkov. 0:47 of 2nd period - Shot Blocked by Jacob Trouba. 1:26 of 2nd period - Shot by Kevin Connauton. 1:26 of 2nd period - Shot Misses the Net. 1:28 of 2nd period - Shot by Mattias Ekholm. 1:28 of 2nd period - Stopped by Martin Jones without a rebound. 1:29 of 2nd period - Claude Giroux wins face-off versus Tyler Bozak in ANCHORAGE ACES zone. 1:34 of 2nd period - Shot by Claude Giroux. 1:34 of 2nd period - Shot Blocked by Jacob Trouba. 1:36 of 2nd period - Shot by Mattias Ekholm. 1:36 of 2nd period - Shot Misses the Net. 1:50 of 2nd period - Shot by Claude Giroux. 1:50 of 2nd period - Goal by Claude Giroux - ANCHORAGE ACES : 0 - SACRAMENTO BANDITS : 1. 1:51 of 2nd period - Leon Draisaitl wins face-off versus Jordan Martinook in neutral zone. 3:25 of 2nd period - Icing by Jakub Voracek. 3:26 of 2nd period - Tyler Bozak wins face-off versus Claude Giroux in SACRAMENTO BANDITS zone. 3:50 of 2nd period - Shot by Jonathan Huberdeau. 3:50 of 2nd period - Shot Misses the Net. 4:02 of 2nd period - Shot by Claude Giroux. 4:02 of 2nd period - Goal by Claude Giroux - ANCHORAGE ACES : 0 - SACRAMENTO BANDITS : 2. 4:03 of 2nd period - Aleksander Barkov wins face-off versus Leon Draisaitl in neutral zone. 4:19 of 2nd period - Shot by Jamie Benn. 4:19 of 2nd period - Stopped by Martin Jones without a rebound. 4:20 of 2nd period - Scott Laughton wins face-off versus Nathan MacKinnon in ANCHORAGE ACES zone. 4:48 of 2nd period - Icing by Ben Chiarot. 4:49 of 2nd period - Aleksander Barkov wins face-off versus Nathan MacKinnon in ANCHORAGE ACES zone. 4:52 of 2nd period - Shot by Jamie Benn. 4:52 of 2nd period - Shot Blocked by Niklas Hjalmarsson. 4:54 of 2nd period - Shot by Jamie Benn. 4:54 of 2nd period - Stopped by Martin Jones without a rebound. 4:55 of 2nd period - Leon Draisaitl wins face-off versus Aleksander Barkov in ANCHORAGE ACES zone. 5:18 of 2nd period - Shot by Jamie Benn. 5:18 of 2nd period - Shot Misses the Net. 5:20 of 2nd period - Shot by Jamie Benn. 5:20 of 2nd period - Stopped by Martin Jones with a rebound. 5:34 of 2nd period - Shot by Nikolaj Ehlers. 5:34 of 2nd period - Stopped by Martin Jones without a rebound. 5:35 of 2nd period - Nathan MacKinnon wins face-off versus Claude Giroux in ANCHORAGE ACES zone. 5:48 of 2nd period - Shot by Connor McDavid. 5:48 of 2nd period - Deflect By Nathan MacKinnon. 5:48 of 2nd period - Shot Blocked by Mattias Ekholm. 5:53 of 2nd period - Icing by Claude Giroux. 5:54 of 2nd period - Claude Giroux wins face-off versus Tyler Bozak in SACRAMENTO BANDITS zone. 6:11 of 2nd period - Shot by Claude Giroux. 6:11 of 2nd period - Shot Misses the Net. 6:19 of 2nd period - Shot by Claude Giroux. 6:19 of 2nd period - Stopped by Martin Jones without a rebound. 6:20 of 2nd period - Aleksander Barkov wins face-off versus Nathan MacKinnon in ANCHOR